 Dungeon Crawl Stone Soup version 0.19.1 (webtiles) character file.

485598 Haldmier the Sorcerer (level 23, -12/132 HPs)
             Began as a Deep Elf Ice Elementalist on Dec 3, 2016.
             Was the Champion of Kikubaaqudgha.
             Blown up by Boris (80 damage)
             ... with an orb of destruction
             ... on level 4 of the Depths on Dec 5, 2016.
             The game lasted 11:49:26 (82840 turns).

Haldmier the Sorcerer (Deep Elf Ice Elementalist)  Turns: 82840, Time: 11:49:27

Health: -12/132    AC: 10    Str:  7    XL:     23   Next: 78%
Magic:  51/51      EV: 27    Int: 30    God:    Kikubaaqudgha [******]
Gold:   2360       SH: 17    Dex: 25    Spells: 15 memorised, 3 levels left

rFire  + + .     SeeInvis +     a - +11 flail of Overwhelming Force {crush, Str+2 SInv}
rCold  + . .     Gourm    .     F - +2 robe {rC+ rF+}
rNeg   + + +     Faith    .     T - +5 shield {reflect}
rPois  +         Spirit   .     w - +2 helmet of Jyurhuto {*Drain rElec rN+++ MR+}
rElec  +         Reflect  +     z - +0 cloak of Ucwipi {Int+8}
rCorr  +         Harm     .     V - +0 pair of gloves "Tiry" {Regen+ Dex+3 Stlth+}
MR     +++..                    m - +0 pair of boots
Stlth  +++++++...               J - amulet "Cymey" {RegenMP rF+ Dex+4}
                                Z - ring "Orevvu" {rPois rN++ Int-5 Stlth+}
                                C - ring "Gedwuib" {rCorr rElec Int-4 Dex+3 SInv}

@: repel missiles
A: blink, deterioration 1
a: Blink, Receive Corpses, Torment, Renounce Religion
}: 2/15 runes: decaying, gossamer


You were on level 4 of the Depths.
You worshipped Kikubaaqudgha.
Kikubaaqudgha was exalted by your worship.
You were hungry.

You visited 9 branches of the dungeon, and saw 43 of its levels.
You visited 1 bazaar.
You also visited: Labyrinth, Trove, Sewer and Ice Cave.

You collected 6103 gold pieces.
You spent 3743 gold pieces at shops.

Inventory:

Hand Weapons
 a - the +11 flail of Overwhelming Force (weapon) {crush, Str+2 SInv}
   (You found it on level 1 of the Swamp)

   It inflicts extra damage upon your enemies.
   It affects your strength (+2).
   It lets you see invisible.
 v - the +4 dagger of Agony {pierce, rPois MR+ MP+9 Stlth+}
   (You took it off a deep elf mage on level 3 of the Elven Halls)

   It inflicts extra damage upon your enemies.
   It protects you from poison.
   It affects your resistance to hostile enchantments.
   It affects your magic capacity (+9).
   It makes you more stealthy.
 G - the +6 long sword "Vicoad Eno" {slice, rF+ MR+ Dex+7 Stlth-}
   (You bought it in a shop in a bazaar)

   It inflicts extra damage upon your enemies.
   It affects your dexterity (+7).
   It protects you from fire.
   It affects your resistance to hostile enchantments.
   It makes you less stealthy.
Armour
 m - a +0 pair of boots (worn)
 t - the +4 robe "Nastri" {Regen+ SInv}
   (You took it off a deep elf mage on level 3 of the Elven Halls)

   It lets you see invisible.
   It increases your rate of regeneration.
 w - the +2 helmet of Jyurhuto (worn) {*Drain rElec rN+++ MR+}
   (You bought it in a shop on level 2 of the Orcish Mines)

   It insulates you from electricity.
   It renders you almost immune to negative energy.
   It affects your resistance to hostile enchantments.
   It causes draining when unequipped.
 y - the +2 cloak "Heekhlueg" {*Drain rN+++ MR- Stlth+}
   (You found it on level 4 of the Depths)

   It renders you almost immune to negative energy.
   It affects your resistance to hostile enchantments.
   It causes draining when unequipped.
   It makes you more stealthy.
 z - the +0 cloak of Ucwipi (worn) {Int+8}
   (You found it on level 1 of the Elven Halls)

   It affects your intelligence (+8).
 B - the +2 ring mail of Midsummer {rC+, unknown}
   (You found it on level 4 of the Depths)

   It protects you from cold.
 F - a +2 robe of resistance (worn)
 T - a +5 shield of reflection (worn)
 V - the +0 pair of gloves "Tiry" (worn) {Regen+ Dex+3 Stlth+}
   (You found it on level 3 of the Elven Halls)

   It affects your dexterity (+3).
   It increases your rate of regeneration.
   It makes you more stealthy.
Magical Staves
 b - an uncursed staff of energy
 d - an uncursed staff of cold
Rods
 E - a +2 rod of ignition (13/13)
   (You found it on level 4 of the Depths)
Jewellery
 C - the ring "Gedwuib" (left hand) {rCorr rElec Int-4 Dex+3 SInv}
   (You found it in a treasure trove)

   [ring of resist corrosion]

   It affects your intelligence (-4).
   It affects your dexterity (+3).
   It insulates you from electricity.
   It lets you see invisible.
 I - an uncursed ring of protection from cold
 J - the amulet "Cymey" (around neck) {RegenMP rF+ Dex+4}
   (You found it in a treasure trove)

   [amulet of magic regeneration]

   It increases your magic regeneration.
   It affects your dexterity (+4).
   It protects you from fire.
 S - an uncursed ring of protection from fire
 Z - the ring "Orevvu" (right hand) {rPois rN++ Int-5 Stlth+}
   (You took it off a deep elf sorcerer on level 3 of the Elven Halls)

   [ring of stealth]

   It affects your intelligence (-5).
   It protects you from poison.
   It greatly protects you from negative energy.
   It makes you more stealthy.
Wands
 K - a wand of teleportation (6/9)
 M - a wand of digging (14/24)
 N - a wand of heal wounds (3/9)
 X - a wand of hasting (5/9)
Scrolls
 e - a scroll of blinking
 h - 6 scrolls of magic mapping
 i - 7 scrolls of teleportation
 o - 6 scrolls of identify
 p - 2 scrolls of fear
 x - 5 scrolls of fog
 R - 14 scrolls of remove curse
Potions
 f - 5 potions of magic
 l - 6 potions of brilliance
 r - 14 potions of curing
 s - 5 potions of resistance
 u - 8 potions of haste
 A - 3 potions of cancellation
 D - 2 potions of invisibility
 O - 2 potions of heal wounds
 W - 4 potions of agility
Comestibles
 c - 34 bread rations
 g - 2 beef jerkies
 j - 4 chunks of flesh
 k - 17 meat rations
 n - 26 fruits
 q - a slice of pizza


   Skills:
 - Level 10.0 Fighting
 - Level 14.6 Dodging
 - Level 10.0 Stealth
 + Level 10.5 Shields
 - Level 22.4 Spellcasting
 - Level 17.2 Conjurations
 - Level 6.0 Charms
 - Level 5.5 Summonings
 - Level 20.3 Necromancy
 - Level 14.6 Translocations
 - Level 12.0 Transmutations
 - Level 10.0 Ice Magic
 - Level 10.6 Air Magic
 - Level 9.0 Evocations


You had 3 spell levels left.
You knew the following spells:

 Your Spells              Type           Power        Failure   Level  Hunger
a - Throw Icicle          Conj/Ice       #######.     1%          4    None
b - Bolt of Draining      Conj/Necr      #######...   1%          5    None
c - Ozocubu's Armour      Chrm/Ice       ######..     1%          3    None
d - Freezing Cloud        Conj/Ice/Air   #######...   1%          6    None
e - Regeneration          Chrm/Necr      #######...   1%          3    None
f - Sublimation of Blood  Necr           ########..   0%          2    None
g - Animate Skeleton      Necr           N/A          0%          1    None
h - Summon Ice Beast      Ice/Summ       ######..     1%          4    None
i - Repel Missiles        Chrm/Air       ######       1%          2    None
j - Necromutation         Tmut/Necr      #######...   17%         8    ####...
k - Dispel Undead         Necr           ########     0%          5    None
l - Controlled Blink      Tloc           N/A          30%         8    ####...
m - Death Channel         Necr           ########..   1%          6    None
n - Animate Dead          Necr           N/A          0%          4    None
o - Blink                 Tloc           N/A          0%          2    None


Dungeon Overview and Level Annotations

Branches:
Dungeon (15/15)            Temple (1/1) D:5            Lair (6/6) D:10
  Swamp (4/4) Lair:2       Spider (4/4) Lair:2        Slime (0/5) Lair:5
    Orc (2/2) D:12            Elf (3/3) Orc:2        Vaults (4/5) D:13
  Crypt (0/3) Vaults:3     Depths (4/5) D:15

Altars:
Ashenzari
Cheibriados
Dithmenos
Elyvilon
Fedhas
Gozag
Hepliaklqana
Kikubaaqudgha
Makhleb
Nemelex Xobeh
Okawaru
Qazlal
Ru
Sif Muna
Trog
Uskayaw
Vehumet
Xom
Yredelemnul
Zin
The Shining One
Beogh

Shops:
D:10 !   D:14 *[   Orc:2 *}}(*   Elf:1 %*(*   Elf:3 *   Vaults:4 %

Portals:
Hell: Depths:1 Depths:2 Depths:3 Depths:4
Abyss: Depths:4
Pandemonium: Depths:3 Depths:4

Annotations:
Swamp:3 exclusion: Roxanne, Roxanne
Vaults:1 exclusion: downstairs
Vaults:2 Mennas
Depths:4 Boris


Innate Abilities, Weirdness & Mutations

You can translocate small distances at will.
Your body sometimes deteriorates upon taking damage.


Message History

You see here a glowing morningstar.
You regained 2 hp, and now have 109/132 hp.
There is an open door here.
Your skin stops crawling.
Boris shouts!
There is an open door here.
Boris gestures wildly while chanting.
Boris flickers and vanishes for a moment.
Boris hits you! Boris closely misses you.
You take 11 damage, and have 104/132 hp.
Boris launches a ball of destructive magic.
An orb of destruction comes into view.
Your +5 shield of reflection reflects the orb of destruction!
Boris conjures a glowing orb.
An orb of destruction comes into view.
Boris points at you and mumbles some strange words.
The iron shot hits you! The orb of destruction hits you!
Ouch! That really hurt!
You die...
Kikubaaqudgha rasps: "You have failed me!
Welcome... death!"

#####.......# #......###
..#....[...## #........#
...##.......####.....≈≈.####
.............##.......≈.....
.............#........≈§.....
....≈..........###.......#...
...§≈§.§...≈§≈.####.∩§§..#...
....≈≈§§....≈...##..§≈.§.....
###....§........@##§.≈§......
#.............#.§##.≈§.......
..#####.......#..§..§≈.......
.##...##.....#...L§.≈≈§......
.#.....#.(........§.§≈..≈.≈......
.#..>..#..........§.§)..≈.≈......
.#.....#..........§..§......≈≈...
.##...##........#*#...........(≈.
..##.##........##.##..........≈.)


You could see Boris (invisible).

Vanquished Creatures
  Mara (Depths:3)
  A juggernaut (Depths:4)
  2 caustic shrikes (Depths:4)
  the Lernaean hydra (Swamp:4)
  2 golden dragons (Depths:4)
  the Enchantress (Depths:3)
  A tentacled monstrosity (Vaults:3)
  4 liches
  2 deep elf blademasters
  A deep elf master archer (Elf:3)
  Kirke (D:14)
  2 acid blobs (Depths:4)
  A sphinx (Vaults:4)
  A storm dragon (Depths:4)
  A tengu reaver (Depths:2)
  6 azure jellies (Depths:4)
  4 thorn hunters
  2 iron dragons (Depths:4)
  8 frost giants
  8 emperor scorpions
  5 fire giants
  2 deep elf sorcerers
  3 orc warlords
  The ghost of TheWoodenMan the Blocker, a journeyman FoFi of Cheibriados (D:12)
  2 ghost moths (Spider:4)
  9 vault wardens
  3 deep elf elementalists (Elf:3)
  Louise (Swamp:1)
  Aizul (Depths:3)
  10 very ugly things
  4 spriggan defenders (Depths:3)
  13 ironheart preservers
  15 stone giants
  5 entropy weavers
  5 caustic shrike skeletons (Depths:3)
  6 deep elf demonologists
  The ghost of Scuka the Swashbuckler, a journeyman KoBe of Trog (Lair:5)
  8 deep elf annihilators
  6 dire elephants (Lair:6)
  A dire elephant (shapeshifter) (Vaults:1)
  A merfolk javelineer (Depths:1)
  3 ettins
  2 green deaths (Swamp:4)
  11 deep elf death magi
  3 death oozes (Depths:4)
  10 fire dragons
  A minotaur (Lab)
  Erolcha (D:11)
  7 yaktaur captains
  4 great orbs of eyes
  9 ice dragons
  A ghost crab (Swamp:3)
  6 rakshasas
  A spriggan air mage (Depths:3)
  8 vault guards
  21 hydras
  An anaconda (Lair:6)
  6 centaur warriors
  14 alligators
  13 ogre magi
  A deep troll shaman (Depths:1)
  33 dancing weapons
  7 tengu warriors
  13 death yaks
  2 deep troll earth magi
  8 spriggan berserkers
  A thrashing horror (Swamp:4)
  3 hell hogs (Depths:1)
  12 orc high priests
  27 deep elf knights
  The ghost of Scuka the Slicer, a novice KoBe of Trog (D:8)
  Nergalle (D:10)
  41 slime creatures
  A small abomination (Elf:3)
  A shadow wraith (Vaults:3)
  6 hell knights
  11 spriggan druids
  4 flayed ghosts
  9 skeletal warriors
  5 unseen horrors
  8 deep trolls
  A shadow demon (Depths:4)
  3 unseen horrors (shapeshifter)
  8 swamp dragons
  2 glowing orange brains
  A harpy (shapeshifter) (Vaults:4)
  7 hill giants
  A lindwurm (shapeshifter) (Depths:4)
  8 necromancers
  A phantasmal warrior (Vaults:3)
  10 ironbrand convokers
  17 wolf spiders
  A lindwurm (Lair:5)
  19 deep elf archers
  11 orc knights
  12 orb spiders
  7 wizards
  3 shambling mangroves
  44 ugly things
  An orc sorcerer (Depths:1)
  71 deep elf magi
  8 cyclopes
  4 large abominations
  2 moths of wrath (Spider:4)
  A salamander (Depths:4)
  4 elephants (Lair:6)
  3 black mambas
  8 vault sentinels
  An ice statue (IceCv)
  An orange demon (Swamp:4)
  A torpor snail (Spider:2)
  3 freezing wraiths
  3 centaur skeletons
  2 gargoyles
  18 spiny frogs
  4 komodo dragons
  3 efreet
  A yaktaur (shapeshifter) (D:13)
  41 yaktaurs
  A kobold demonologist (D:14)
  5 tengu conjurers
  4 rime drakes
  A harpy zombie (D:14)
  A red devil (Depths:4)
  30 jumping spiders
  21 hornets
  2 queen bees (shapeshifter)
  7 trolls
  11 polar bears (IceCv)
  A merfolk (shapeshifter) (Depths:1)
  A troll (shapeshifter) (Depths:3)
  A jumping spider (shapeshifter) (D:13)
  23 blink frogs
  6 tyrant leeches
  3 dream sheep (Lair:6)
  20 two-headed ogres
  14 bog bodies
  A raiju (shapeshifter) (Vaults:1)
  11 hippogriffs
  An ettin zombie (Vaults:3)
  61 redbacks
  5 air elementals
  42 spriggans
  20 tarantellas
  5 wyverns
  53 yaks
  A tarantella (shapeshifter) (Vaults:4)
  A human (D:14)
  3 wraiths
  7 shadows
  4 hogs (D:14)
  2 water elementals
  A golden eye (shapeshifter) (Depths:1)
  A human (shapeshifter) (Depths:4)
  2 basilisks
  A neqoxec (Depths:4)
  4 fire elementals
  32 vampire mosquitoes
  Grum (D:8)
  13 wargs
  4 hungry ghosts
  27 swamp worms
  21 insubstantial wisps
  A mottled dragon (D:15)
  A water moccasin (shapeshifter) (Elf:2)
  11 water moccasins
  8 hell hounds (Depths:1)
  3 hornet zombies
  48 orc warriors
  9 porcupines
  3 swamp drakes
  5 ice beasts
  2 sky beasts
  3 ettin simulacra
  5 eyes of draining
  47 ogres
  2 phantoms
  13 boggarts
  4 centaurs
  26 wolves
  15 crocodiles
  3 big kobolds
  23 bullfrogs
  An elf zombie (Elf:1)
  6 earth elementals
  A wyvern zombie (D:14)
  A water moccasin zombie (D:11)
  5 scorpions
  13 killer bees
  An orc simulacrum (Vaults:1)
  8 wights
  A howler monkey (D:4)
  An electric eel (Spider:2)
  5 centaur zombies
  9 crimson imps
  4 bullfrog zombies
  3 hounds
  33 jellies
  28 orc priests
  5 bullfrog skeletons
  7 iguanas
  18 worker ants
  28 orc wizards
  7 hell rats
  A hound zombie (D:8)
  A hound skeleton (D:6)
  3 worker ant zombies
  12 adders
  5 river rats (Sewer)
  4 shadow imps
  12 white imps (D:15)
  7 oozes
  2 adder skeletons
  5 worms
  2 dart slugs
  10 leopard geckos
  147 orcs
  5 giant cockroaches
  13 goblins
  10 hobgoblins
  16 jackals
  3 quokkas
  5 ball pythons
  5 bats
  7 frilled lizards
  A jackal zombie (D:6)
  30 kobolds
  A leopard gecko skeleton (D:5)
  A leopard gecko zombie (D:8)
  18 rats
  14 briar patches (Swamp:1)
  2 fungi
  5 plants (Lair:6)
2045 creatures vanquished.

Vanquished Creatures (collateral kills)
  A tentacled monstrosity (Depths:4)
  A deep elf blademaster (Elf:3)
  A titan (Depths:4)
  A shadow dragon (Depths:4)
  A storm dragon (Depths:4)
  Donald (Spider:3)
  A vault warden (Vaults:4)
  A frost giant (Vaults:4)
  2 deep elf sorcerers
  An emperor scorpion (Spider:1)
  2 spriggan defenders
  A caustic shrike skeleton (Depths:3)
  An ironheart preserver (Vaults:4)
  A stone giant (Depths:4)
  2 very ugly things (Depths:4)
  2 entropy weavers
  2 spark wasps (Depths:4)
  An ettin (Depths:4)
  3 deep elf death magi
  A deep elf high priest (Depths:4)
  A great orb of eyes (Vaults:2)
  An ice dragon (Vaults:4)
  3 spriggan air magi (Depths:3)
  A hydra (Swamp:4)
  2 vault guards (Depths:1)
  A dancing weapon (Elf:2)
  An anaconda (Depths:3)
  A tengu warrior (Depths:4)
  2 ogre magi
  2 death yaks (Depths:3)
  An alligator (Swamp:2)
  A thrashing horror (Swamp:4)
  A spriggan berserker (Depths:3)
  3 deep elf knights
  A soul eater (Depths:4)
  A skeletal warrior (Vaults:2)
  5 deep trolls
  A swamp dragon (Swamp:4)
  2 wizards
  A deep elf archer (Vaults:2)
  A glowing orange brain (Vaults:2)
  An ironbrand convoker (Vaults:2)
  4 orb spiders
  A deep elf mage (Vaults:4)
  A hill giant (Vaults:1)
  An orb spider (shapeshifter) (Vaults:3)
  20 wolf spiders
  3 ugly things
  A faun (shapeshifter) (Depths:4)
  A cyclops (Orc:2)
  A vault sentinel (Vaults:2)
  Joseph (D:8)
  A torpor snail (shapeshifter) (Depths:4)
  A rime drake (Lair:3)
  4 spiny frogs
  An efreet (Depths:2)
  11 yaktaurs
  8 demonic crawlers
  A queen bee (shapeshifter) (Vaults:1)
  An ice devil (Depths:4)
  2 polar bears
  19 jumping spiders
  A tyrant leech (Swamp:3)
  3 hornets (Depths:3)
  2 trolls (Orc:2)
  2 two-headed ogres
  A dream sheep (Lair:6)
  8 slime creatures
  5 blink frogs
  A bog body (Swamp:3)
  18 tarantellas
  A yak (Lair:2)
  38 redbacks
  2 hogs (D:14)
  2 spriggans (Depths:3)
  A wyvern (Lair:6)
  A vampire mosquito (Swamp:4)
  A yaktaur simulacrum (Vaults:2)
  A hungry ghost (D:10)
  A swamp worm (Swamp:4)
  A warg (Orc:2)
  3 insubstantial wisps (Swamp:3)
  3 water moccasins
  2 porcupines
  2 orc warriors (Orc:2)
  2 phantoms
  An ettin simulacrum (Depths:2)
  14 ogres
  A wolf (Lair:2)
  A crocodile (Lair:2)
  A bullfrog (Lair:3)
  A glowing shapeshifter simulacrum (Vaults:3)
  A wight (D:6)
  An electric eel (Lair:6)
  6 orc priests (Orc:2)
  2 orc wizards (Orc:2)
  4 hell rats (Lair:3)
  An ufetubus (Vaults:2)
  13 orcs
  5 fungi
298 creatures vanquished.

Vanquished Creatures (others)
  A deep elf master archer (Elf:3)
  A vault warden (Vaults:1)
  An ogre mage (D:15)
  2 yaktaur captains
  A tengu warrior (Depths:3)
  3 deep elf archers
  An ironbrand convoker (Vaults:1)
  An ugly thing (Depths:4)
  2 cyclopes (Orc:2)
  6 yaktaurs
  A polar bear (IceCv)
  A slime creature (Swamp:3)
  2 yaks
  A vampire mosquito (Swamp:4)
  A boggart (Depths:3)
  An ogre (Vaults:1)
  An orc priest (Orc:2)
  An orc (Orc:1)
  3 briar patches
  4 bushes
  12 fungi
  39 plants
86 creatures vanquished.

Grand Total: 2429 creatures vanquished

Notes
Turn   | Place    | Note
-------+----------+-------------------------------------------
     0 | D:1      | Haldmier the Deep Elf Ice Elementalist began the quest for the Orb.
     0 | D:1      | Reached XP level 1. HP: 10/10 MP: 6/6
   357 | D:1      | Reached XP level 2. HP: 15/15 MP: 5/8
   363 | D:1      | Learned a level 2 spell: Throw Frost
   891 | D:2      | Reached XP level 3. HP: 19/19 MP: 4/9
  1111 | D:2      | Learned a level 3 spell: Ozocubu's Armour
  1637 | D:3      | Reached skill level 1 in Charms
  1651 | D:3      | Reached XP level 4. HP: 24/24 MP: 8/10
  1696 | D:3      | Found a white marble altar of Elyvilon.
  1696 | D:3      | Found a faded altar of an unknown god.
  1701 | D:3      | Found a glowing silver altar of Zin.
  1703 | D:3      | Found a shattered altar of Ashenzari.
  1704 | D:3      | Found a hazy altar of Hepliaklqana.
  1994 | D:3      | Found a glowing drain.
  2041 | Sewer    | Entered a sewer
  2138 | Sewer    | Reached skill level 5 in Ice Magic
  2138 | Sewer    | Reached XP level 5. HP: 23/28 MP: 8/11
  2634 | Sewer    | Reached XP level 6. HP: 32/32 MP: 9/12
  2908 | D:3      | Noticed an orc warrior
  3295 | D:3      | Learned a level 4 spell: Throw Icicle
  3737 | D:3      | Killed an orc warrior
  3951 | D:4      | Reached skill level 5 in Charms
  4065 | D:4      | Reached XP level 7. HP: 36/36 MP: 11/14
  4385 | D:4      | Reached skill level 4 in Spellcasting
  4385 | D:4      | Reached skill level 5 in Conjurations
  4894 | D:4      | Learned a level 2 spell: Blink
  4964 | D:5      | Entered Level 5 of the Dungeon
  5260 | D:5      | Reached skill level 5 in Spellcasting
  5266 | D:5      | Learned a level 4 spell: Summon Ice Beast
  5388 | D:5      | Reached XP level 8. HP: 42/42 MP: 13/17
  5395 | D:5      | Reached skill level 1 in Translocations
  5675 | D:5      | Noticed a moth of wrath
  5678 | D:5      | Found a bloodstained altar of Trog.
  5781 | D:5      | Reached skill level 1 in Fighting
  6102 | D:5      | Found a staircase to the Ecumenical Temple.
  6108 | Temple   | Entered the Ecumenical Temple
  6446 | D:5      | Reached skill level 1 in Summonings
  6902 | D:6      | Found a glowing golden altar of the Shining One.
  7477 | D:7      | Found a burning altar of Makhleb.
  7567 | D:7      | Found a hide-covered altar of Uskayaw.
  7583 | D:7      | Found an iron altar of Okawaru.
  7586 | D:7      | Found a bloodstained altar of Trog.
  7599 | D:7      | Noticed a hippogriff
  7619 | D:7      | Killed a hippogriff
  7918 | D:6      | Found an ancient bone altar of Kikubaaqudgha.
  7974 | D:6      | Became a worshipper of Kikubaaqudgha
  8061 | D:6      | Reached XP level 9. HP: 49/49 MP: 18/18
  8222 | D:6      | HP: 2/49 [orc priest/divine providence (17)]
  8802 | D:7      | Learned a level 2 spell: Repel Missiles
  8962 | D:7      | Found a basalt altar of Yredelemnul.
  9069 | D:7      | Reached * piety under Kikubaaqudgha
  9069 | D:7      | Identified Kikubaaqudgha's Reference Book on Black Rituals (Kikubaaqudgha gifted it to you on level 7 of the Dungeon)
  9069 | D:7      | Received a gift from Kikubaaqudgha
  9627 | D:8      | Noticed Scuka's ghost (novice KoBe)
  9695 | D:8      | Noticed Grum
  9703 | D:8      | Killed Grum
  9938 | D:8      | Killed Scuka's ghost
  9938 | D:8      | Reached skill level 5 in Summonings
  9938 | D:8      | Reached XP level 10. HP: 22/58 MP: 14/19
 10038 | D:8      | Noticed Joseph
 10064 | D:8      | Killed Joseph
 10338 | D:8      | Learned a level 1 spell: Animate Skeleton
 10421 | D:9      | Reached ** piety under Kikubaaqudgha
 10714 | D:9      | Reached skill level 1 in Necromancy
 10995 | D:9      | Reached skill level 5 in Fighting
 11179 | D:9      | Got an encrusted leather armour
 11185 | D:9      | Identified the +2 leather armour of Vampiric Thralls {Str+2 Dex+4} (You found it on level 9 of the Dungeon)
 11200 | D:9      | Got a shimmering hand axe
 11201 | D:9      | Identified the +6 hand axe of Extermination {chop, *Corrode +Fly rF+} (You found it on level 9 of the Dungeon)
 11228 | D:10     | Entered Level 10 of the Dungeon
 11441 | D:10     | You fall through a shaft for 2 floors!
 11441 | D:12     | Found a roughly hewn altar of Beogh.
 11441 | D:12     | Found a staircase to the Orcish Mines.
 11441 | D:12     | Noticed a six-headed hydra
 11459 | D:12     | Identified the Compendium of Aid and Malediction
 11466 | D:12     | Noticed a cyclops
 11662 | D:12     | Noticed a tengu warrior
 11669 | D:12     | Killed a tengu warrior
 11698 | D:11     | Reached skill level 10 in Ice Magic
 11788 | D:11     | Noticed a cyclops
 11961 | D:10     | Found a staircase to the Lair.
 11987 | D:10     | Noticed Nergalle
 12107 | D:11     | Noticed a brown ugly thing
 12361 | D:10     | Noticed a hill giant
 12371 | D:10     | Killed a hill giant
 12371 | D:10     | Reached skill level 5 in Stealth
 12371 | D:10     | Reached XP level 11. HP: 63/63 MP: 3/20
 12386 | D:10     | Noticed a hill giant
 12490 | D:10     | Killed a hill giant
 12490 | D:10     | Reached skill level 5 in Dodging
 12626 | Lair:1   | Entered Level 1 of the Lair of Beasts
 12630 | Lair:1   | Reached skill level 5 in Necromancy
 12820 | Lair:1   | Reached *** piety under Kikubaaqudgha
 12820 | Lair:1   | Identified Kikubaaqudgha's Guide on Sinister Rituals (Kikubaaqudgha gifted it to you on level 1 of the Lair of Beasts)
 12820 | Lair:1   | Received a gift from Kikubaaqudgha
 13214 | Lair:1   | Got a twisted leather armour
 13255 | Lair:1   | Reached skill level 10 in Conjurations
 13862 | Lair:1   | Identified the +1 leather armour "Zaomp" {rC++ MR-} (You found it on level 1 of the Lair of Beasts)
 13897 | Lair:2   | Reached skill level 6 in Spellcasting
 14570 | Lair:1   | Learned a level 2 spell: Sublimation of Blood
 15024 | Lair:2   | Found a hole to the Spider Nest.
 15106 | Lair:2   | Reached XP level 12. HP: 39/68 MP: 16/24
 15261 | Lair:2   | Reached skill level 7 in Spellcasting
 15513 | Lair:2   | Reached **** piety under Kikubaaqudgha
 15694 | Lair:2   | HP: 3/68 [vampire mosquito (8)]
 15964 | Lair:2   | Found a staircase to the Swamp.
 16753 | Lair:3   | Reached skill level 8 in Spellcasting
 16955 | Lair:3   | Noticed a five-headed hydra
 16960 | Lair:3   | Killed a five-headed hydra
 17560 | Lair:4   | Got a slimy flail
 17561 | Lair:4   | Identified the cursed +1 flail "Keoshod" {vamp, -Tele Str-5 Dex+5 Stlth+} (You found it on level 4 of the Lair of Beasts)
 18456 | Lair:5   | Reached ***** piety under Kikubaaqudgha
 18554 | Lair:5   | Found a staircase to the Slime Pits.
 18654 | Lair:5   | Noticed Scuka's ghost (journeyman KoBe)
 18684 | Lair:5   | Reached skill level 10 in Stealth
 18684 | Lair:5   | Reached skill level 9 in Spellcasting
 18895 | Lair:5   | Noticed a five-headed hydra
 18902 | Lair:5   | Killed a five-headed hydra
 19071 | Lair:1   | Learned a level 5 spell: Agony
 20070 | Lair:6   | Entered Level 6 of the Lair of Beasts
 20096 | Lair:5   | Reached skill level 10 in Necromancy
 20312 | Lair:6   | Noticed a four-headed hydra
 20694 | Lair:5   | Reached skill level 10 in Dodging
 20694 | Lair:5   | Reached skill level 10 in Spellcasting
 20694 | Lair:5   | Reached XP level 13. HP: 72/72 MP: 14/29
 20902 | Lair:1   | Learned a level 5 spell: Dispel Undead
 21181 | D:10     | Found Ziydep's Distillery.
 21186 | D:10     | Bought a potion of lignification for 39 gold pieces
 21216 | D:10     | Killed Nergalle
 21702 | D:10     | Bought a potion of flight for 39 gold pieces
 22259 | D:11     | Noticed Erolcha
 22826 | D:11     | Killed Erolcha
 22826 | D:11     | Reached skill level 11 in Spellcasting
 23480 | D:12     | Noticed TheWoodenMan's ghost (journeyman FoFi)
 23490 | D:12     | Killed TheWoodenMan's ghost
 24092 | D:12     | Found a blossoming altar of Fedhas.
 24318 | Orc:1    | Entered Level 1 of the Orcish Mines
 24321 | Orc:1    | Noticed an orc warlord
 24645 | D:13     | Reached skill level 12 in Spellcasting
 24671 | D:13     | Found a gate to the Vaults.
 25750 | D:13     | Reached ****** piety under Kikubaaqudgha
 26099 | D:14     | Reached XP level 14. HP: 78/78 MP: 18/32
 26277 | D:14     | Found Lyjebb's Assorted Antiques.
 26408 | D:14     | Found Tashrexi's Antique Armour Emporium.
 26423 | D:14     | Bought a faintly glowing robe for 142 gold pieces
 26449 | D:14     | Identified the +4 robe of Kaosuo {rC- Int+3 Stlth+} (You bought it in a shop on level 14 of the Dungeon)
 26695 | D:14     | Reached skill level 13 in Spellcasting
 27021 | D:14     | Noticed Kirke
 27572 | D:14     | Killed Kirke
 28289 | Lair:1   | Learned a level 5 spell: Bolt of Draining
 28310 | Lair:1   | Gained mutation: You can translocate small distances at will. [potion of beneficial mutation]
 29555 | Lair:6   | Reached skill level 14 in Spellcasting
 31601 | Lair:6   | Reached XP level 15. HP: 66/82 MP: 10/35
 31872 | Lair:5   | Killed Scuka's ghost
 31982 | Lair:1   | Learned a level 6 spell: Death Channel
 32076 | Orc:1    | Noticed an orc warlord
 32483 | Swamp:1  | Entered Level 1 of the Swamp
 32483 | Swamp:1  | Noticed a thorn hunter
 32746 | Lair:2   | Killed a thorn hunter
 32846 | Swamp:1  | Noticed Louise
 32890 | Swamp:1  | Killed Louise
 32890 | Swamp:1  | Reached skill level 15 in Spellcasting
 33476 | Swamp:1  | Noticed a thorn hunter
 33629 | Swamp:1  | Killed a thorn hunter
 33777 | Swamp:1  | Got a faintly glowing flail
 33819 | Swamp:1  | Identified the +11 flail of Overwhelming Force {crush, Str+2 SInv} (You found it on level 1 of the Swamp)
 34069 | Swamp:1  | Reached skill level 15 in Necromancy
 34307 | Swamp:1  | Reached skill level 1 in Shields
 34328 | Swamp:1  | HP: 4/82 [poison (poison gas)]
 34333 | Swamp:1  | HP: 2/82 [poison (poison gas)]
 34339 | Swamp:1  | HP: 3/82 [poison (poison gas)]
 36814 | Spider:1 | Entered Level 1 of the Spider Nest
 36994 | Orc:2    | Entered Level 2 of the Orcish Mines
 37076 | Orc:2    | Found a labyrinth entrance.
 37103 | Lab      | Entered a labyrinth
 37216 | Lab      | Got a warped buckler
 37229 | Lab      | Identified the +2 buckler of Ecuhausu {rC+ Str+4 Int+5 Dex-4} (You found it in a labyrinth)
 37457 | Orc:2    | Found a staircase to the Elven Halls.
 37807 | Orc:2    | Found Cess's Gadget Shop.
 38861 | Orc:2    | Found Zofifer's Weapon Boutique.
 38861 | Orc:2    | Found Oloam's Assorted Antiques.
 38869 | Orc:2    | Found a roughly hewn altar of Beogh.
 38902 | Orc:2    | Found Viap's Assorted Antiques.
 39240 | Orc:2    | Found Batit's Gadget Emporium.
 39720 | Orc:2    | Bought a brightly glowing helmet for 218 gold pieces
 39730 | Orc:2    | Identified the +2 helmet of Jyurhuto {*Drain rElec rN+++ MR+} (You bought it in a shop on level 2 of the Orcish Mines)
 39764 | Orc:2    | Bought a paperback book for 345 gold pieces
 39934 | Orc:1    | Killed an orc warlord
 40074 | Orc:2    | Killed an orc warlord
 40124 | Orc:2    | Reached XP level 16. HP: 94/94 MP: 14/37
 40901 | Elf:1    | Entered Level 1 of the Elven Halls
 40939 | Elf:1    | Reached skill level 1 in Evocations
 41625 | Elf:1    | Found a radiant altar of Vehumet.
 41886 | Elf:1    | Got a faintly glowing cloak
 42095 | Elf:1    | Identified the cursed +0 cloak of Ucwipi {Int+8} (You found it on level 1 of the Elven Halls)
 42169 | Elf:1    | Found Uviguog's Antique Weapon Shop.
 42169 | Elf:1    | Found Mauri's General Store.
 42172 | Elf:1    | Found Jarigeq's Assorted Antiques.
 42174 | Elf:1    | Found Wakhip's Food Boutique.
 42514 | Elf:1    | Reached skill level 5 in Evocations
 42918 | Elf:1    | Reached skill level 10 in Fighting
 43371 | Elf:1    | Identified Ucuf Sugg's Disquisition on Black Secrets
 43439 | Elf:1    | Got a slimy helmet
 44758 | Elf:2    | Found a runed gate.
 44758 | Elf:2    | Found a runed gate.
 44759 | Elf:2    | Found a runed gate.
 45168 | Elf:2    | Learned a level 4 spell: Animate Dead
 45170 | Elf:3    | Entered Level 3 of the Elven Halls
 45352 | Elf:2    | Reached skill level 16 in Spellcasting
 45750 | Elf:3    | Found Ebaored's General Store.
 45766 | Elf:3    | Got a pair of crude gloves
 45772 | Elf:3    | Identified the cursed +0 pair of gloves "Tiry" {Regen+ Dex+3 Stlth+} (You found it on level 3 of the Elven Halls)
 45772 | Elf:3    | Identified the -1 helmet "Jaeckui" {-Cast rC+++ Regen+ Int+3} (You found it on level 1 of the Elven Halls)
 45936 | Elf:3    | Reached XP level 17. HP: 62/102 MP: 0/39
 46627 | Elf:3    | Noticed a deep elf blademaster
 46627 | Elf:3    | Noticed a deep elf blademaster
 46627 | Elf:3    | Noticed a Hell Sentinel
 47390 | Elf:3    | Killed a deep elf blademaster
 48128 | Elf:3    | Noticed a deep elf master archer
 48450 | Elf:3    | Noticed a deep elf master archer
 48486 | Elf:3    | Killed a deep elf master archer
 48595 | Elf:3    | Got a sparkling ivory ring
 48783 | Elf:3    | Killed a deep elf master archer
 49194 | Elf:3    | Reached skill level 15 in Conjurations
 49269 | Elf:3    | Killed a deep elf blademaster
 49979 | Elf:3    | Identified the ring "Orevvu" {rPois rN++ Int-5 Stlth+} (You took it off a deep elf sorcerer on level 3 of the Elven Halls)
 50496 | Elf:3    | Got a transparent robe
 50506 | Elf:3    | Got a brightly glowing robe
 50511 | Elf:3    | Got an encrusted dagger {pierce}
 50515 | Elf:3    | Got a wavering bone ring
 50531 | Elf:3    | Identified the +1 robe of Negligence {*Contam rPois Int+3} (You took it off a deep elf elementalist on level 3 of the Elven Halls)
 50558 | Elf:3    | Identified Qyno's Tome of Attacks
 50794 | Elf:3    | Got a jewelled halberd {antimagic}
 50811 | Elf:3    | Got a crude halberd {chop}
 50838 | Elf:3    | Got a pitted chain mail
 50846 | Elf:3    | Identified the ring "Pyitebay" {+Blink rF- MR+ Dex+5 SInv} (You took it off a deep elf mage on level 3 of the Elven Halls)
 51078 | Elf:1    | Bought a scroll labeled JYEPRO NEEROIN for 33 gold pieces
 51243 | Lair:1   | Identified the +4 robe "Nastri" {Regen+ SInv} (You took it off a deep elf mage on level 3 of the Elven Halls)
 51282 | Lair:1   | Identified the +4 dagger of Agony {pierce, rPois MR+ MP+9 Stlth+} (You took it off a deep elf mage on level 3 of the Elven Halls)
 51288 | Lair:1   | Identified the cursed +0 halberd of Esulich {antimagic, rN+ Int+2} (You took it off a deep elf sorcerer on level 3 of the Elven Halls)
 51292 | Lair:1   | Identified the +7 halberd "Impbane" {chop, *Rage rC+ Stlth+} (You took it off a deep elf elementalist on level 3 of the Elven Halls)
 51567 | Elf:2    | Noticed a deep elf blademaster
 52031 | Elf:2    | Killed a deep elf blademaster
 52144 | Elf:2    | Reached XP level 18. HP: 107/107 MP: 25/40
 53608 | Lair:1   | Gained mutation: Your body sometimes deteriorates upon taking damage. [mutagenic glow]
 55434 | Swamp:3  | Noticed Roxanne
 56748 | Swamp:4  | Entered Level 4 of the Swamp
 58860 | Swamp:4  | Noticed the 27-headed Lernaean hydra
 59074 | Swamp:4  | Killed the 27-headed Lernaean hydra
 59395 | Swamp:4  | Reached XP level 19. HP: 112/112 MP: 39/41
 59541 | Swamp:4  | Got a decaying rune of Zot
 59786 | Lair:1   | Learned a level 3 spell: Regeneration
 59946 | Spider:1 | Reached skill level 5 in Translocations
 61898 | Spider:3 | Noticed Donald
 61904 | Spider:3 | Killed Donald
 62012 | Spider:3 | Reached skill level 10 in Translocations
 62750 | Spider:4 | Entered Level 4 of the Spider Nest
 63271 | Spider:4 | Reached skill level 17 in Spellcasting
 64576 | Spider:4 | Reached skill level 18 in Spellcasting
 64613 | Spider:4 | Got a gossamer rune of Zot
 64929 | Lair:1   | Received a gift from Kikubaaqudgha
 64941 | Lair:1   | Learned a level 8 spell: Necromutation
 65005 | D:14     | Bought a scroll of blinking for 165 gold pieces
 65025 | D:15     | Entered Level 15 of the Dungeon
 65093 | D:15     | Found a frozen archway.
 65134 | D:15     | Reached skill level 1 in Transmutations
 65188 | IceCv    | Entered an ice cave
 65687 | IceCv    | Reached XP level 20. HP: 117/117 MP: 28/44
 65783 | IceCv    | Reached skill level 5 in Transmutations
 66031 | D:15     | Found a staircase to the Depths.
 66617 | Vaults:1 | Entered Level 1 of the Vaults
 67555 | Vaults:1 | Reached skill level 10 in Transmutations
 69589 | Vaults:2 | Noticed Mennas
 70378 | Vaults:3 | Reached XP level 21. HP: 82/122 MP: 33/45
 70789 | Vaults:3 | Got a steaming spear
 70796 | Vaults:3 | Identified the +3 spear "Orb Guardian's Death" {flame, +Rage +Inv rC+++ Str-2} (You found it on level 3 of the Vaults)
 71532 | Vaults:3 | Found a staircase to the Crypt.
 71532 | Vaults:3 | Found a basalt altar of Yredelemnul.
 71532 | Vaults:3 | Found an ancient bone altar of Kikubaaqudgha.
 71719 | Vaults:3 | Found a gateway to a bazaar.
 71728 | Bazaar   | Entered a bazaar
 71732 | Bazaar   | Found Nilohios's Weapon Boutique.
 71750 | Bazaar   | Found Cidd's Magic Scroll Emporium.
 71767 | Bazaar   | Found Toboenack's Book Boutique.
 71784 | Bazaar   | Found Busuf's Antique Weapon Shoppe.
 71829 | Bazaar   | Bought a book of Ice for 845 gold pieces
 71829 | Bazaar   | Bought a book of Summonings for 910 gold pieces
 71894 | Bazaar   | Bought an encrusted long sword for 110 gold pieces
 71894 | Bazaar   | Bought a bloodstained morningstar for 117 gold pieces
 71899 | Bazaar   | Identified the +11 morningstar of the Realm of Zot {pain, Fragile rElec rF+++ rC-} (You bought it in a shop in a bazaar)
 71903 | Bazaar   | Identified the +6 long sword "Vicoad Eno" {slice, rF+ MR+ Dex+7 Stlth-} (You bought it in a shop in a bazaar)
 71937 | Bazaar   | Bought a scroll of acquirement for 780 gold pieces
 72351 | Vaults:4 | Found Gorheneu's Food Emporium.
 73108 | Lair:1   | Identified the cursed +0 chain mail "Fophen" {rF- rCorr Dex+3} (You found it on level 3 of the Elven Halls)
 73158 | Lair:1   | Learned a level 6 spell: Freezing Cloud
 73581 | Vaults:4 | Reached skill level 1 in Air Magic
 74487 | Vaults:4 | Reached skill level 19 in Spellcasting
 74495 | Vaults:4 | Reached skill level 5 in Air Magic
 74869 | Depths:1 | Entered Level 1 of the Depths
 75230 | Depths:1 | You fall through a shaft!
 75273 | Depths:2 | Found a gateway to Hell.
 75295 | Depths:2 | Reached XP level 22. HP: 66/127 MP: 20/47
 76324 | Depths:1 | Reached skill level 20 in Spellcasting
 76387 | Depths:1 | Found a portal to a secret trove of treasure.
 77675 | Depths:3 | Noticed Mara
 77880 | Depths:3 | Killed Mara
 78089 | Depths:3 | Noticed Aizul
 78097 | Depths:3 | Killed Aizul
 78210 | Depths:3 | Found a one-way gate leading to the halls of Pandemonium.
 78446 | Depths:3 | Found a bloodstained altar of Trog.
 78604 | Depths:3 | Reached skill level 21 in Spellcasting
 78704 | Depths:3 | Reached skill level 10 in Air Magic
 79108 | Depths:3 | Noticed the Enchantress
 79113 | Depths:3 | Killed the Enchantress
 79259 | Depths:3 | Got faerie dragon scales
 79291 | Depths:3 | Identified the +1 faerie dragon scales {rPois Str+4} (You took it off the Enchantress on level 3 of the Depths)
 79303 | Depths:3 | Got a scorched rapier {flame}
 79360 | Depths:3 | Identified the cursed +0 rapier of Trauma {flame, *Corrode rN+ Str+4 Stlth+} (You took it off a spriggan on level 3 of the Depths)
 79384 | Depths:3 | Got an iridescent hunting sling {velocity}
 79385 | Depths:3 | Identified the +6 hunting sling of Hikoputa {velocity, MR++} (You took it off a spriggan on level 3 of the Depths)
 79971 | Depths:3 | Reached XP level 23. HP: 132/132 MP: 18/50
 80001 | Depths:3 | Reached skill level 22 in Spellcasting
 80840 | Lair:1   | Learned a level 8 spell: Controlled Blink
 81019 | Depths:1 | You paid a toll of a +7 demon trident to enter a treasure trove
 81020 | Trove    | Entered a treasure trove
 81040 | Trove    | Got a warped golden ring
 81046 | Trove    | Got a heavily runed pewter amulet
 81050 | Trove    | Got a shimmering crystal amulet
 81052 | Trove    | Got a slimy bone amulet
 81094 | Trove    | Got a flickering crystal amulet
 81100 | Trove    | Identified the amulet "Cymey" {RegenMP rF+ Dex+4} (You found it in a treasure trove)
 81101 | Trove    | Identified the amulet of Ydaigouk {RegenMP rElec SInv Stlth+} (You found it in a treasure trove)
 81103 | Trove    | Identified the amulet "Nupiffiwke" {Faith rN+} (You found it in a treasure trove)
 81104 | Trove    | Identified the amulet of Byezofue {MR+ Regen+} (You found it in a treasure trove)
 81105 | Trove    | Identified the ring "Gedwuib" {rCorr rElec Int-4 Dex+3 SInv} (You found it in a treasure trove)
 81777 | Depths:4 | Noticed Boris
 81866 | Depths:4 | Reached skill level 5 in Shields
 82225 | Depths:4 | Noticed a caustic shrike
 82242 | Depths:4 | Killed a caustic shrike
 82386 | Depths:4 | Got a spiked cloak
 82402 | Depths:4 | Identified the +2 cloak "Heekhlueg" {*Drain rN+++ MR- Stlth+} (You found it on level 4 of the Depths)
 82428 | Depths:4 | Noticed a juggernaut
 82437 | Depths:4 | Killed a juggernaut
 82479 | Depths:4 | Got a smoking ring mail
 82498 | Depths:4 | Noticed a caustic shrike
 82505 | Depths:4 | Killed a caustic shrike
 82723 | Depths:4 | Found a one-way gate to the infinite horrors of the Abyss.
 82761 | Depths:4 | Reached skill level 10 in Shields
 82840 | Depths:4 | Blown up by Boris

Skill      XL: |  1  2  3  4  5  6  7  8  9 10 11 12 13 14 15 16 17 18 19 20 21 22 23 |
---------------+----------------------------------------------------------------------+-----
Ice Magic      | 4 5 6 7 9 10 | 10.0
Conjurations   | 2 3 4 5 6 8 9 10 11 16 17 | 17.2
Charms         | 1 2 3 5 6 |  6.0
Spellcasting   | 5 6 10 12 14 15 16 18 19 21 22 | 22.4
Translocations | 3 10 12 14 | 14.6
Fighting       | 2 4 5 8 10 | 10.0
Summonings     | 2 5 |  5.5
Necromancy     | 4 7 10 12 14 15 18 19 20 | 20.3
Stealth        | 5 8 10 | 10.0
Dodging        | 4 7 10 12 14 | 14.6
Shields        | 4 10 | 10.5
Evocations     | 8 9 |  9.0
Transmutations | 4 12 | 12.0
Air Magic      | 5 10 | 10.6

Action                   |  1- 3 |  4- 6 |  7- 9 | 10-12 | 13-15 | 16-18 | 19-21 | 22-24 || total
-------------------------+-------+-------+-------+-------+-------+-------+-------+-------++-------
Melee: Dagger            |    59 |   148 |    75 |       |       |   134 |    19 |       ||   435
       Falchion          |       |       |    74 |       |       |       |       |       ||    74
       Great mace        |       |       |   179 |   280 |   340 |       |       |       ||   799
       Staff             |       |       |       |    17 |       |    27 |    11 |    13 ||    68
       Flail             |       |       |       |       |   183 |   248 |   311 |    56 ||   798
       Long sword        |       |       |       |       |       |       |    28 |       ||    28
 Fire: Blowgun           |       |     4 |       |       |       |       |       |       ||     4
 Cast: Freeze            |    48 |    98 |    94 |   227 |    46 |       |       |       ||   513
       Throw Frost       |     1 |     4 |    12 |   117 |   103 |    19 |       |       ||   256
       Ozocubu's Armour  |     1 |    12 |    35 |    49 |    54 |    17 |    23 |     9 ||   200
       Throw Icicle      |       |       |    17 |    85 |   376 |   609 |   223 |    89 ||  1399
       Summon Ice Beast  |       |       |    13 |    11 |     1 |     1 |       |       ||    26
       Repel Missiles    |       |       |     1 |     2 |     1 |     4 |     2 |       ||    10
       Blink             |       |       |     1 |     2 |     7 |     1 |     2 |     1 ||    14
       Animate Skeleton  |       |       |       |    25 |    65 |    68 |    18 |    11 ||   187
       Sublimation of Bl |       |       |       |     1 |    13 |    12 |   161 |    93 ||   280
       Dispel Undead     |       |       |       |       |    35 |     4 |    24 |    30 ||    93
       Agony             |       |       |       |       |     1 |     2 |       |       ||     3
       Bolt of Draining  |       |       |       |       |   153 |   154 |   572 |   407 ||  1286
       Death Channel     |       |       |       |       |     9 |       |    18 |     1 ||    28
       Animate Dead      |       |       |       |       |       |     8 |    65 |    29 ||   102
       Regeneration      |       |       |       |       |       |       |    69 |    50 ||   119
       Freezing Cloud    |       |       |       |       |       |       |     4 |    16 ||    20
       Necromutation     |       |       |       |       |       |       |     1 |       ||     1
Invok: Receive Corpses   |       |       |       |       |       |     2 |     8 |     8 ||    18
       Receive Necronomi |       |       |       |       |       |       |     1 |       ||     1
 Abil: Evoke Flight      |       |       |       |       |     8 |    32 |     3 |       ||    43
Evoke: Wand              |       |       |       |     7 |       |     6 |       |       ||    13
       Staff of energy   |       |       |       |       |       |    54 |    67 |    58 ||   179
  Use: Scroll            |       |       |    12 |     9 |    19 |    13 |    17 |    19 ||    89
       Potion            |       |       |       |       |     4 |     6 |     2 |       ||    12
 Stab: Sleeping          |     3 |     1 |     6 |     6 |     1 |       |     5 |       ||    22
       Distracted        |       |       |     1 |     4 |     1 |     2 |     1 |       ||     9
  Eat: Chunk             |     2 |     9 |    24 |    41 |    53 |    40 |    50 |    27 ||   246
       Meat ration       |       |       |     1 |       |       |     1 |       |       ||     2
       Royal jelly       |       |       |       |     1 |     1 |       |     1 |     1 ||     4
       Fruit             |       |       |       |     1 |     4 |     7 |     2 |       ||    14
       Beef jerky        |       |       |       |       |     5 |     4 |     1 |     1 ||    11
       Pizza             |       |       |       |       |     1 |     3 |     3 |     1 ||     8
       Bread ration      |       |       |       |       |       |     2 |       |       ||     2
Armor: Robe              |    31 |    62 |    74 |       |       |    60 |   147 |    31 ||   405
       Troll leather arm |       |       |   125 |   319 |   183 |    34 |       |       ||   661
       Swamp dragon scal |       |       |       |       |    28 |       |       |       ||    28
Dodge: Dodged            |    52 |   155 |   270 |   584 |   651 |   432 |   545 |   158 ||  2847
       Deflected         |       |       |       |     7 |     8 |    36 |    50 |    11 ||   112
Block: Other             |       |       |       |    33 |   164 |       |       |       ||   197
       Reflection        |       |       |       |     1 |    12 |    36 |    78 |     7 ||   134
       Buckler           |       |       |       |       |   171 |   443 |   544 |    87 ||  1245
       Shield            |       |       |       |       |       |       |       |    48 ||    48
       Rpst.: Falchion   |       |       |    23 |       |       |       |       |       ||    23
       Long sword        |       |       |       |       |       |       |     7 |       ||     7
